 Dungeon Crawl Stone Soup version 0.27.0-65-ge2af304b15 (webtiles) character file.

Game seed: 6695605414509796496

328 molind the Magician (level 6, -4/41 HPs)
             Began as a Djinni Fire Elementalist on Aug 17, 2021.
             Killed by divine providence
             ... invoked by an orc priest
              (10 damage)
             ... on level 4 of the Dungeon on Aug 18, 2021.
             The game lasted 00:15:00 (4510 turns).

molind the Magician (Djinni Fire Elementalist)      Turns: 4510, Time: 00:15:00

Health: -4/41      AC:  3    Str:  7    XL:     6   Next: 80%
Gold:   151        EV: 13    Int: 18    God:
                   SH:  0    Dex: 14

rFire    + + .     SeeInvis .   o - +2 dagger (distort)
rCold    x . .     Faith    .   (no shield)
rNeg     . . .     Spirit   .   a - +0 robe
rPois    ∞         Reflect  .   k - +0 helmet
rElec    .         Harm     .   (no cloak)
rCorr    .         Rampage  .   (no gloves)
Will     .....                  (boots unavailable)
Stlth    ++........             (no amulet)
HPRegen  0.13/turn              (no ring)
MPRegen  0.00/turn              (no ring)

@: flying, very slightly contaminated
A: sickness immunity, fire resistance 2, cold vulnerability 1, float, innate
caster, hp casting, extra vitality 1
a: no special abilities


You were on level 4 of the Dungeon.
You visited 1 branch of the dungeon, and saw 4 of its levels.

You collected 151 gold pieces.

Inventory:

Hand Weapons
 b - a +1 dagger of pain
 j - a +2 dagger of freezing
 o - a +2 dagger of distortion (weapon)
Missiles
 d - 6 boomerangs
Armour
 a - a +0 robe (worn)
 k - a +0 helmet (worn)
Magical Staves
 h - a staff of cold
Jewellery
 c - a ring of protection from cold
 g - a ring of resist corrosion
 m - a ring of ice
 q - a +6 ring of dexterity
Wands
 l - a wand of charming (4)
 n - a wand of iceblast (7)
Scrolls
 f - a scroll of enchant armour {unknown}
 i - a scroll of fog {unknown}
 r - a scroll of teleportation {unknown}
Potions
 e - a potion of berserk rage {unknown}
 p - a potion of cancellation {unknown}


   Skills:
 + Level 0.6 Fighting
 + Level 0.4 Short Blades
 + Level 0.4 Staves
 + Level 3.0 Dodging
 + Level 2.8 Stealth
 + Level 4.6 Spellcasting


You couldn't memorise any spells.
You knew the following spells:

 Your Spells              Type           Power      Damage    Failure   Level
a - Foxfire               Conj/Fire      80%        2x1d8     1%          1
b - Conjure Flame         Conj/Fire      20%        6-21      6%          3
c - Inner Flame           Hex/Fire       20%        N/A       6%          3
d - Sticky Flame          Conj/Fire      20%        2d4       21%         4
e - Fireball              Conj/Fire      10%        3d6       50%         5
f - Sting                 Tmut/Pois      80%        1d7       1%          1
g - Searing Ray           Conj           40%        3d4       3%          2
Your spell library was empty.

Dungeon Overview and Level Annotations

Branches:
Dungeon (4/15)
 Temple: D:4-7

Altars:
Kikubaaqudgha
Sif Muna
Vehumet

Shops:
D:1 !


Innate Abilities, Weirdness & Mutations

You are immune to sickness and miasma.
You are immune to poison.
Your flesh is very heat resistant. (rF++)
You are vulnerable to cold. (rC-)
You float through the air rather than walking.
You learn spells naturally, not from books.
Your magical power is your life essence.
You have superior vitality. (+4 HP)


Message History

The spell is quite dangerous to cast (21% risk of failure)!
Continue anyway?
Okay, then.
Casting: Sticky Flame (quite dangerous; 21% risk of failure)
Confirm with . or Enter, or press ? or * to list all spells.
You conjure some foxfire!
The orc barely misses you.
The orc priest calls upon Beogh to heal the orc.
The orc's wounds heal themselves!
The foxfire hits the orc.
The orc is lightly wounded.
The foxfire hits the orc priest.
The orc priest is moderately wounded.
An orc comes into view. It is wielding a +0 club.
Casting: Foxfire (safe; 1% risk of failure)
Confirm with . or Enter, or press ? or * to list all spells.
You conjure some foxfire!
The orc hits you with a +0 flail.
The foxfire hits the orc.
The orc is moderately wounded.
The foxfire hits the orc.
The orc is heavily wounded.
The orc priest calls down the wrath of Beogh upon you.
Beogh smites you!
Casting: Foxfire (safe; 1% risk of failure)
Confirm with . or Enter, or press ? or * to list all spells.
You miscast Foxfire.
You are very lightly contaminated with residual magic.
Nothing appears to happen.
The orc hits you but does no damage.
Casting: Foxfire (safe; 1% risk of failure)
Confirm with . or Enter, or press ? or * to list all spells.
You conjure some foxfire!
The foxfire hits the orc priest.
The orc priest is heavily wounded.
The foxfire hits the orc priest.
The orc priest is almost dead.
The orc barely misses you.
The orc priest invokes the aid of Beogh against you.
Beogh smites you!
* * * LOW HITPOINT WARNING * * *
The orc priest invokes the aid of Beogh against you.
Beogh smites you!
You die...

.# ####.....### .#
#..........# ### .#
#..........##... ..
.###.............. .#....
...#...........# .#>...
v#........:....## ..[.##
.###..).........###.#..##
...###.####..............
...##..# ##...#@........
...##.## ##..####o.#......
...##.####...#[...........
..<..............o..###..
...##.###....##..o......#
...##.# #....####.##.#####
...##.# ####.# #o........
...##.# #.# #.....####
......# #.# ........#


You could see an orc priest and 3 orcs.

Vanquished Creatures
  Jessica (D:2)
  3 orc wizards (D:3)
  4 adders
  4 gnolls (D:3)
  4 worms
  2 dart slugs
  An orc (D:3)
  6 ball pythons
  4 endoplasms
  2 giant cockroaches
  7 goblins
  5 hobgoblins
  2 jackals (D:1)
  10 kobolds
  3 quokkas
  3 bats
  2 frilled lizards (D:1)
  8 rats
71 creatures vanquished.

Vanquished Creatures (others)
  231 foxfires
231 creatures vanquished.

Grand Total: 302 creatures vanquished

Notes
Turn   | Place    | Note
-------+----------+-------------------------------------------
     0 | D:1      | molind the Djinni Fire Elementalist began the quest for the
                  | Orb.
     0 | D:1      | Reached XP level 1. HP: 15/15 MP: 0/0
    42 | D:1      | Upgraded the game from 0.27.0-1-g7a089689b8 to
                  | 0.27.0-65-ge2af304b15
   188 | D:1      | Reached XP level 2. HP: 20/21 MP: 0/0
   209 | D:1      | Found Boashrote's Distillery.
   412 | D:1      | Reached skill level 3 in Spellcasting
   530 | D:1      | Reached XP level 3. HP: 21/25 MP: 0/0
   530 | D:1      | Learned a level 1 spell: Sting
  1344 | D:2      | Found a faded altar of an unknown god.
  1462 | D:2      | Reached XP level 4. HP: 24/31 MP: 0/0
  2015 | D:2      | Noticed Jessica
  2039 | D:2      | Killed Jessica
  2461 | D:3      | Reached XP level 5. HP: 33/35 MP: 0/0
  2461 | D:3      | Learned a level 2 spell: Searing Ray
  2965 | D:3      | Reached skill level 4 in Spellcasting
  3905 | D:3      | Reached XP level 6. HP: 33/40 MP: 0/0
  4510 | D:4      | Killed from afar by an orc priest

Illustrated notes

Levels and vault maps discovered:
D:1:      nicolae_arrival_somewhat_less_tricky_arrival, layout_rooms,
          serial_shops, shop_statue
D:2:      layout_basic, shapermc_ecumenical_altar_pompeii,
          lemuel_another_geyser, uniq_jessica
D:3:      layout_loops_ring, palyth_temple_overflow_mages,
          minmay_tree_intersection, st_stairs_5
D:4:      layout_rooms, nicolae_ru_great_annihilating_truth,
          kennysheep_little_box, minmay_temple_entry_stoned_glass

Skill      XL: |  1  2  3  4  5  6 |
---------------+-------------------+-----
Spellcasting   | 3 4 |  4.6
Stealth        | 2 |  2.8
Dodging        | 3 |  3.0
Fighting       | |  0.6
Short Blades   | |  0.4
Staves         | |  0.4

Action                   |  1- 3 |  4- 6 || total
-------------------------+-------+-------++-------
Melee: Dagger            |     8 |    10 ||    18
       Staff             |       |    28 ||    28
 Cast: Foxfire           |    59 |   103 ||   162
       Inner Flame       |       |     4 ||     4
       Conjure Flame     |       |     1 ||     1
 Stab: Sleeping          |     1 |     2 ||     3
Armor: Robe              |     3 |    12 ||    15
Dodge: Dodged            |     9 |    39 ||    48
